 Dungeon Crawl Stone Soup version 0.25.1-2-g60ff931df9 (webtiles) character file.

Game seed: 6610940686607707511

235 H0rd4k the Magician (level 5, 0/28 HPs)
             Began as a Deep Elf Wizard on Nov 17, 2020.
             Succumbed to a kobold's poison
             ... on level 7 of the Dungeon.
             The game lasted 00:08:42 (4128 turns).

H0rd4k the Magician (Deep Elf Wizard)               Turns: 4128, Time: 00:08:43

Health: 0/28       AC:  2    Str:  4    XL:     5   Next: 76%
Magic:  16/16      EV: 13    Int: 24    God:
Gold:   224        SH:  0    Dex: 13    Spells: 8/17 levels left

rFire    + . .     SeeInvis .   (no weapon)
rCold    . . .     Gourm    .   (no shield)
rNeg     . . .     Faith    .   a - +0 robe
rPois    .         Spirit   .   b - +0 hat
rElec    .         Reflect  .   (no cloak)
rCorr    .         Harm     .   (no gloves)
MR       .....                  (no boots)
Stlth    ++........             e - amulet of inaccuracy
HPRegen  0.09/turn              p - ring of protection from fire
MPRegen  0.15/turn              (no ring)

@: lethally poisoned (0 -> -1), stab
A: no striking features
a: no special abilities


You were on level 7 of the Dungeon.
You were not hungry.

You visited 1 branch of the dungeon, and saw 8 of its levels.

You collected 224 gold pieces.

Inventory:

Hand Weapons
 g - a +1 dagger of venom
Armour
 a - a +0 robe (worn)
 b - a +0 hat (worn)
Jewellery
 e - an amulet of inaccuracy (around neck)
 i - an uncursed ring of protection from fire
 p - a ring of protection from fire (left hand)
Wands
 q - a wand of random effects (18)
 r - a wand of polymorph (4)
Scrolls
 k - 2 scrolls of remove curse
 l - 2 scrolls of identify
 m - 3 scrolls of fear
Potions
 c - a potion of stabbing
 j - a potion of invisibility
Comestibles
 d - 8 rations


   Skills:
 + Level 3.0 Dodging
 + Level 3.0 Stealth
 + Level 6.9 Spellcasting
 + Level 2.4 Conjurations
   Level 1.1 Summonings
 + Level 1.3 Translocations
 + Level 1.5 Fire Magic
 + Level 1.1 Air Magic
 * Level 1.3 Poison Magic


You had 8 spell levels left.
You knew the following spells:

 Your Spells              Type           Power        Failure   Level  Hunger
a - Magic Dart            Conj           ###.         2%          1    None
b - Blink                 Tloc           N/A          6%          2    None
c - Conjure Flame         Conj/Fire      ###.....     10%         3    None
d - Mephitic Cloud        Conj/Pois/Air  ###.....     11%         3    None

Your spell library contained the following spells:

 Spells                   Type           Power        Failure   Level  Hunger
 Call Imp                 Summ           ##......     7%          2    None
 Slow                     Hex            #.......     11%         2    None


Dungeon Overview and Level Annotations

Branches:
Dungeon (8/15)             Temple (0/1) D:5
   Lair: D:8-11

Altars:

Annotations:
D:4 exclusion: upstairs
D:5 exclusion: upstairs
D:8 exclusion: upstairs


Message History

Found a scroll of remove curse.
* * * LOW HITPOINT WARNING * * *
You feel sick.
* * * LOW HITPOINT WARNING * * *
You feel sick.
Found 14 gold pieces.
Found 14 gold pieces.
You are starting to lose your buoyancy.
* * * LOW HITPOINT WARNING * * *
You feel sick.
* * * LOW HITPOINT WARNING * * *
You feel sick.
The orc warrior shouts!
* * * LOW HITPOINT WARNING * * *
You feel sick.
You float gracefully downwards.
You see here 14 gold pieces.
* * * LOW HITPOINT WARNING * * *
You feel sick.
You die...

...#.#...........##
#..........#$.$##
##.#..........##
####..##.....o...# ##
##.....##.........#
#.###.....##..##......+
##..#..................#
#.........#............#
##...#....#...@........#
#......##...............#
#.....>###...............#
##....## ###..............
#...† .^............ ##...
##?#.......... #....
####........ ## ##...
......# ##$ #... ##..##


You could see an orc warrior.

Vanquished Creatures
  A big kobold (D:8)
  An orc priest (D:4)
  4 adders
  2 worms
  A dart slug (D:5)
  2 leopard geckos
  9 orcs
  2 giant cockroaches
  4 goblins
  6 hobgoblins
  10 jackals
  4 quokkas
  A ball python (D:8)
  11 bats
  5 frilled lizards
  2 jackal skeletons
  10 kobolds
  A leopard gecko zombie (D:7)
  4 rats (D:3)
80 creatures vanquished.

Notes
Turn   | Place    | Note
-------+----------+-------------------------------------------
     0 | D:1      | H0rd4k the Deep Elf Wizard began the quest for the Orb.
     0 | D:1      | Reached XP level 1. HP: 10/10 MP: 7/7
   235 | D:1      | Reached skill level 5 in Spellcasting
   235 | D:1      | Reached XP level 2. HP: 15/15 MP: 0/10
  1269 | D:2      | Reached XP level 3. HP: 19/19 MP: 8/11
  1273 | D:2      | Learned a level 2 spell: Blink
  1277 | D:2      | Learned a level 3 spell: Conjure Flame
  1281 | D:2      | Learned a level 3 spell: Mephitic Cloud
  2740 | D:3      | Reached XP level 4. HP: 12/24 MP: 4/13
  3116 | D:4      | Reached skill level 6 in Spellcasting
  3116 | D:4      | Reached skill level 1 in Fire Magic
  3197 | D:5      | Entered Level 5 of the Dungeon
  3301 | D:5      | Reached XP level 5. HP: 28/28 MP: 3/15
  3304 | D:5      | Reached skill level 1 in Air Magic
  3315 | D:5      | You fall into a shaft and drop 2 floors!
  3552 | D:5      | Found a staircase to the Ecumenical Temple.
  3806 | D:7      | Noticed an orc warrior
  3806 | D:7      | Noticed an ogre
  3872 | D:8      | Reached skill level 1 in Poison Magic
  4120 | D:7      | HP: 1/28 [poisoned by a kobold]
  4128 | D:7      | Succumbed to a kobold's poison

Illustrated notes

Levels and vault maps discovered:
D:1:      dpeg_arrival_snail, layout_basic
D:2:      layout_rooms, first_ration
D:3:      layout_basic
D:4:      minmay_chambers_of_threes, layout_basic, led_sif_book,
          fedhas_ov_isle_minmay, uniq_natasha, uniq_blork_the_orc
D:5:      layout_rooms, vehumet_altar_wand_db, minmay_temple_entry_mist
D:6:      layout_basic, bloody_trog
D:7:      minmay_the_grid_octo_2x2 [minmay_the_grid_octo_clover,
          minmay_the_grid_octo_fat_diamond, minmay_the_grid_octo_77,
          minmay_the_grid_octo_prize_star], layout_cave_pools, tso_metal_star,
          uniq_joseph
D:8:      corexii_shack_village, layout_loops_corners, grunt_pizzeria,
          okawaru_metal_pillars_3, uniq_pikel

Skill      XL: |  1  2  3  4  5 |
---------------+----------------+-----
Spellcasting   | 5 6 |  6.9
Stealth        | 3 |  3.0
Dodging        | 3 |  3.0
Conjurations   | 2 |  2.4
Fire Magic     | 1 |  1.5
Air Magic      | 1 |  1.1
Poison Magic   | 1 |  1.3
Summonings     | |  1.1
Translocations | |  1.3

Action                   |  1- 3 |  4- 6 || total
-------------------------+-------+-------++-------
 Cast: Magic Dart        |   134 |    85 ||   219
       Blink             |       |     9 ||     9
       Conjure Flame     |       |     1 ||     1
       Mephitic Cloud    |       |     1 ||     1
  Use: Scroll            |     3 |     5 ||     8
       Potion            |       |     5 ||     5
  Eat: Chunk             |     5 |     2 ||     7
       Ration            |       |     1 ||     1
Armor: Robe              |     2 |     4 ||     6
Dodge: Dodged            |    23 |    24 ||    47
